 Dungeon Sprint DCSS version 0.28-a0-429-g1448048969 (webtiles) character file.

Game seed: 15854419357072196839

11773 MikeHunt the Reanimator (level 11, -5/86 HPs)
             Began as a Demonspawn Earth Elementalist on Sept 10, 2021.
             Was the Champion of Sif Muna.
             Slain by an eight-headed hydra (7 damage)
             ... in the Dungeon (Sprint III: "The Ten Rune Challenge").
             The game lasted 00:13:15 (3387 turns).

MikeHunt the Reanimator (DsEE)                      Turns: 3387, Time: 00:13:16

Health: -5/86      AC:  3    Str:  8    XL:     11   Next: 53%
Magic:  7/22       EV: 15    Int: 20    God:    Sif Muna [******]
Gold:   3285       SH:  0    Dex: 14    Spells: 11/25 levels left

rFire   . . .      SeeInvis .   i - +3 flail (drain)
rCold   . . .      Faith    .   (no shield)
rNeg    . . .      Spirit   .   b - +0 robe
rPois   .          Reflect  .   (no helmet)
rElec   .          Harm     .   j - +0 cloak
rCorr   .          Rampage  .   (no gloves)
Will    .....      NoTele   +   (no boots)
Stlth   ++........              (no amulet)
HPRegen 0.24/turn               (no ring)
MPRegen 0.18/turn               (no ring)

@: channelling, freezing walls
A: talons 1, demonic guardian 1, foul stench 2
a: Renounce Religion, Channel Magic, Forget Spell, Divine Exegesis


You were in the Dungeon.
You worshipped Sif Muna.
Sif Muna was exalted by your worship.
You visited 1 branch You collected 3393 gold pieces.
You spent 108 gold pieces at shops.

Inventory:

Hand Weapons
 a - a +3 quarterstaff of chaos
 e - a +1 demon trident of draining
 i - a +3 flail of draining (weapon)
Missiles
 q - 4 javelins
Armour
 b - a +0 robe (worn)
 j - a +0 cloak (worn)
 s - a +4 scale mail of cold resistance
Wands
 r - a wand of flame (6)
Scrolls
 h - a scroll of blinking
 l - a scroll of holy word {unknown}
 m - a scroll of fear {unknown}
 p - a scroll of torment {unknown}
Potions
 c - 4 potions of curing
 f - 2 potions of magic
 g - 2 potions of berserk rage
 k - 2 potions of mutation
 n - 2 potions of resistance
 o - 2 potions of flight
Miscellaneous
 d - a lightning rod (4/4) (quivered)


   Skills:
 - Level 8.2 Fighting
 - Level 6.0 Maces & Flails
 + Level 4.1 Polearms
 - Level 7.8 Dodging
 - Level 1.7 Stealth
 - Level 7.7 Spellcasting
 - Level 11.5 Conjurations
 - Level 14.2 Necromancy
 - Level 5.0 Translocations
 - Level 0.8 Transmutations
 - Level 9.8 Ice Magic
 - Level 7.2 Earth Magic
 - Level 9.0 Invocations
 - Level 6.9 Evocations


You had 11 spell levels left.
You knew the following spells:

 Your Spells              Type           Power      Damage    Failure   Level
a - Sandblast             Erth           72%        2d16      1%          1
b - Passwall              Tmut/Erth      19%        N/A       2%          2
c - Frozen Ramparts       Ice            92%        1d11      1%          3
f - Vampiric Draining     Necr           29%        2d10      1%          3
q - Blink                 Tloc           N/A        N/A       1%          2
r - Stone Arrow           Conj/Erth      90%        3d12      1%          3

Your spell library contained the following spells:

 Spells                   Type           Power      Damage    Failure   Level
 Animate Skeleton         Necr           100%       N/A       1%          1
 Freeze                   Ice            100%       1d11      1%          1
 Pain                     Necr           100%       1d9       1%          1
 Sublimation of Blood     Necr           29%        N/A       1%          2
 Animate Dead             Necr           29%        N/A       1%          4
 Dispel Undead            Necr           59%        3d21      1%          4
 Hailstorm                Conj/Ice       50%        3d11      1%          4
 Agony                    Necr           59%        N/A       1%          5
 Conjure Flame            Conj/Fire      30%        6-21      2%          3
 Gell's Gravitas          Tloc           14%        N/A       3%          3
 Teleport Other           Tloc           28%        N/A       3%          3
 Death Channel            Necr           29%        N/A       4%          6
 Sticky Flame             Conj/Fire      30%        2d5       9%          4
 Summon Ice Beast         Ice/Summ       27%        N/A       12%         4
 Slow                     Hex            7%         N/A       13%         2
 Petrify                  Tmut/Erth      23%        N/A       17%         4
 Ignite Poison            Fire/Tmut/Pois 8%         N/A       24%         3
 Call Canine Familiar     Summ           7%         N/A       26%         3
 Confusing Touch          Hex            7%         N/A       26%         3
 Dispersal                Tloc           14%        N/A       86%         6
 Infestation              Necr           29%        N/A       86%         8
 Haunt                    Necr/Summ      18%        N/A       99%         7


Dungeon Overview and Level Annotations

Branches:
Dungeon (1/1)

Altars:
Cheibriados
Dithmenos
Elyvilon
Fedhas
Gozag
Hepliaklqana
Kikubaaqudgha
Makhleb
Nemelex Xobeh
Okawaru
Qazlal
Ru
Sif Muna
Trog
Uskayaw
Vehumet
Wu Jian
Xom
Yredelemnul
Zin
The Shining One
Beogh
Jiyva
Lugonu

Shops:
D *


Innate Abilities, Weirdness & Mutations

You have sharp toenails.
A weak demonic guardian rushes to your aid.
You sometimes emit foul miasma when damaged in melee.


Message History

The eight-headed hydra completely misses you.
The wall freezes the eight-headed hydra!
The eight-headed hydra seems to slow down.
Your orange demon stings the eight-headed hydra.
Your orange demon hits the eight-headed hydra.
The eight-headed hydra looks weaker.
Casting: Vampiric Draining (safe; 1% risk of failure)
Confirm with . or Enter, or press ? or * to list all spells.
Aiming: Vampiric Draining (safe; 1% risk of failure)
Press: ? - help, Shift-Dir - straight line, f/p - eight-headed hydra
Aim: an eight-headed hydra (almost dead, slow, weak, ally target)
You draw life force from the eight-headed hydra!
You feel life coursing into your body.
The wall freezes the eight-headed hydra!
You kill the eight-headed hydra!
Sif Muna accepts your kill.
Your orange demon stings the eight-headed hydra.
Your orange demon splashes around in the water.
Your Polearms skill gained 4 levels and is now at level 4!
The wall freezes the eight-headed hydra.
Your orange demon splashes around in the water.
Your orange demon barely misses the eight-headed hydra.
Casting: Vampiric Draining (safe; 1% risk of failure)
Confirm with . or Enter, or press ? or * to list all spells.
Aiming: Vampiric Draining (safe; 1% risk of failure)
Press: ? - help, Shift-Dir - straight line, f - eight-headed hydra
Aim: an eight-headed hydra (lightly wounded, slow, ally target)
You draw life force from the eight-headed hydra.
You feel life coursing into your body.
The wall freezes the eight-headed hydra!
The eight-headed hydra seems to slow down.
The eight-headed hydra closely misses you. x2
The eight-headed hydra bites you. The eight-headed hydra bites you!
* * * LOW HITPOINT WARNING * * *
The eight-headed hydra bites you!
* * * LOW HITPOINT WARNING * * *
The eight-headed hydra bites you!
* * * LOW HITPOINT WARNING * * *
The eight-headed hydra bites you!
You die...

♣.....♣♣♣♣≈≈≈........≈≈≈...##.#.
♣♣.≈≈≈≈'♣♣÷♣≈≈≈≈≈≈≈≈≈≈≈≈♣♣P.'.#.#
≈'.÷...#.≈♣♣♣♣♣♣♣♣♣♣♣♣♣♣♣♣PP##.#.
♣♣♣♣♣♣♣#..♣♣ ♣♣♣##+##
###'♣♣♣♣♣♣♣♣♣♣♣♣♣♣
♣♣♣♣.##..##≈≈≈≈≈≈..
♣...##.##†#4≈≈≈≈...
♣♣.##.##.##D≈≈≈≈≈#
♣..#.##..@#≈≈.....
♣♣†##.##..#≈..+###
♣♣.##.#####...# ♣.....# ...#
####### ####


You could see an eight-headed hydra (slow, ally target) and a friendly orange
demon (summoned).

Vanquished Creatures
  Josephine (D)
  A hydra (D)
  A centaur warrior (D)
  An orc high priest (D)
  Urug (D)
  2 deep elf knights (D)
  A lindwurm (D)
  2 deep elf pyromancers (D)
  2 deep elf zephyrmancers (D)
  2 cane toads (D)
  A komodo dragon (D)
  A rime drake (D)
  An unseen horror (D)
  3 wandering mushrooms (D)
  2 tyrant leeches (D)
  4 blink frogs (D)
  A shadow (D)
  3 redbacks (D)
  A spatial vortex (D)
  An orc warrior (D)
  A necrophage (D)
  A swamp drake (D)
  2 centaurs (D)
  An earth elemental (D)
  A water elemental (D)
  An electric eel (D)
  A jelly (D)
  3 orc priests (D)
  Crazy Yiuf (D)
  A wizard (D)
  Jessica (D)
  2 orc wizards (D)
  A necromancer (D)
  3 humans (D)
  A kobold demonologist (D)
  7 orcs (D)
  3 rats (D)
63 creatures vanquished.

Vanquished Creatures (collateral kills)
  A blink frog (D)
  3 orcs (D)
4 creatures vanquished.

Vanquished Creatures (others)
  An orc (D)
1 creature vanquished.

Grand Total: 68 creatures vanquished

Notes
Turn   | Place    | Note
-------+----------+-------------------------------------------
     0 | D        | MikeHunt the Demonspawn Earth Elementalist began the quest
                  | for the Orb.
     0 | D        | Reached XP level 1. HP: 13/13 MP: 3/3
    37 | D        | Noticed Jessica
    40 | D        | Killed Jessica
    41 | D        | Gained mutation: You may rarely emit foul miasma when
                  | damaged in melee. [demonic ancestry]
    41 | D        | Reached XP level 2. HP: 19/19 MP: 1/7
   100 | D        | Learned a level 2 spell: Passwall
   102 | D        | Noticed Crazy Yiuf
   108 | D        | Killed Crazy Yiuf
   109 | D        | Reached skill level 5 in Spellcasting
   109 | D        | Gained mutation: You have sharp toenails. [demonic
                  | ancestry]
   109 | D        | Reached XP level 3. HP: 24/24 MP: 3/10
   163 | D        | Reached skill level 5 in Earth Magic
   163 | D        | Reached XP level 4. HP: 30/30 MP: 3/12
   171 | D        | Learned a level 3 spell: Stone Arrow
   230 | D        | Noticed a water elemental
   232 | D        | Killed a water elemental
   237 | D        | Found a radiant altar of Vehumet.
   238 | D        | Found a shimmering blue altar of Sif Muna.
   238 | D        | Found an ancient bone altar of Kikubaaqudgha.
   238 | D        | Noticed a wizard
   239 | D        | Killed a wizard
   240 | D        | Reached XP level 5. HP: 35/35 MP: 10/14
   248 | D        | Became a worshipper of Sif Muna the Loreminder
   256 | D        | Learned a level 3 spell: Vampiric Draining
   265 | D        | Found a shadowy altar of Dithmenos.
   265 | D        | Noticed a necrophage
   268 | D        | Killed a necrophage
   269 | D        | Reached skill level 6 in Necromancy
   271 | D        | Reached skill level 7 in Necromancy
   271 | D        | Gained mutation: You sometimes emit foul miasma when
                  | damaged in melee. [demonic ancestry]
   271 | D        | Reached XP level 6. HP: 12/41 MP: 5/16
   271 | D        | Found a basalt altar of Yredelemnul.
   271 | D        | Found a sacrificial altar of Ru.
   492 | D        | Noticed a deep elf pyromancer
   496 | D        | Killed a deep elf pyromancer
   496 | D        | Reached * piety under Sif Muna
   497 | D        | Reached skill level 12 in Necromancy
   497 | D        | Reached XP level 7. HP: 17/46 MP: 6/18
   661 | D        | Found a hide-covered altar of Uskayaw.
   661 | D        | Found an iron altar of Okawaru.
   662 | D        | Found a bloodstained altar of Trog.
   663 | D        | Found an ornate altar of the Wu Jian Council.
   663 | D        | Noticed a human
   665 | D        | Noticed a human
   668 | D        | Killed a human
   669 | D        | Reached skill level 13 in Necromancy
   670 | D        | Killed a human
   671 | D        | Reached skill level 14 in Necromancy
   762 | D        | Reached skill level 1 in Fighting
   762 | D        | Gained mutation: A weak demonic guardian rushes to your
                  | aid. [demonic ancestry]
   762 | D        | Reached XP level 8. HP: 54/54 MP: 15/19
   789 | D        | Reached ** piety under Sif Muna
   816 | D        | Found a blossoming altar of Fedhas.
   816 | D        | Found a stormy altar of Qazlal.
   816 | D        | Found a snail-covered altar of Cheibriados.
   816 | D        | Found a burning altar of Makhleb.
   816 | D        | Found a shimmering altar of Xom.
   817 | D        | Found a hazy altar of Hepliaklqana.
   817 | D        | Found an opulent altar of Gozag.
   817 | D        | Found a sparkling altar of Nemelex Xobeh.
   817 | D        | Found a corrupted altar of Lugonu.
   817 | D        | Found a viscous altar of Jiyva.
   964 | D        | Reached skill level 1 in Invocations
   964 | D        | Reached skill level 1 in Evocations
   972 | D        | Reached *** piety under Sif Muna
  1097 | D        | Reached skill level 1 in Conjurations
  1119 | D        | Reached **** piety under Sif Muna
  1152 | D        | Noticed an orc high priest
  1167 | D        | Killed an orc high priest
  1168 | D        | Reached XP level 9. HP: 44/66 MP: 7/20
  1238 | D        | Reached ***** piety under Sif Muna
  1238 | D        | Received a gift from Sif Muna
  1239 | D        | Got Zonec's Catalogue of Sinister Secrets {god gift}
  1259 | D        | Noticed Josephine
  1265 | D        | Killed Josephine
  1577 | D        | Found Awoecys's General Store.
  1591 | D        | Bought a scroll of identify for 24 gold pieces
  1591 | D        | Bought a wand of flame (6) for 48 gold pieces
  1591 | D        | Bought a potion of curing for 36 gold pieces
  1618 | D        | Received a gift from Sif Muna
  1619 | D        | Got Laejemu's Compendium of the Compass and the Entourage
                  | {god gift}
  1709 | D        | Noticed a centaur warrior
  1716 | D        | Reached skill level 5 in Fighting
  1716 | D        | Reached skill level 1 in Maces & Flails
  1716 | D        | Reached skill level 5 in Dodging
  1716 | D        | Killed a centaur warrior
  1884 | D        | Killed an unseen horror
  1885 | D        | Reached skill level 5 in Invocations
  1885 | D        | Reached XP level 10. HP: 61/76 MP: 15/21
  2044 | D        | Received a gift from Sif Muna
  2045 | D        | Reached skill level 5 in Evocations
  2055 | D        | Noticed a cane toad
  2055 | D        | Noticed a cane toad
  2111 | D        | Noticed a deep elf pyromancer
  2111 | D        | Noticed a deep elf zephyrmancer
  2111 | D        | Noticed a deep elf knight
  2111 | D        | Noticed a deep elf zephyrmancer
  2111 | D        | Noticed a deep elf knight
  2122 | D        | Killed a deep elf zephyrmancer
  2127 | D        | Killed a deep elf knight
  2129 | D        | Killed a deep elf knight
  2130 | D        | Reached skill level 5 in Maces & Flails
  2130 | D        | Killed a deep elf zephyrmancer
  2132 | D        | Killed a deep elf pyromancer
  2228 | D        | Noticed a deep elf annihilator
  2348 | D        | Learned a level 2 spell: Blink
  2365 | D        | Killed a cane toad
  2365 | D        | Received a gift from Sif Muna
  2366 | D        | Killed a cane toad
  2367 | D        | Reached skill level 5 in Translocations
  2367 | D        | Reached XP level 11. HP: 83/86 MP: 18/22
  2367 | D        | Got Atheul's Almanac of Snow {god gift}
  2373 | D        | Learned a level 3 spell: Frozen Ramparts
  2419 | D        | Reached ****** piety under Sif Muna
  2419 | D        | Received a gift from Sif Muna
  2420 | D        | Got Sif Muna's Volume of Black Secrets {god gift}
  2576 | D        | Reached skill level 5 in Ice Magic
  2915 | D        | Noticed a lindwurm
  2919 | D        | Killed a lindwurm
  3042 | D        | Received a gift from Sif Muna
  3127 | D        | Noticed Urug
  3135 | D        | Killed Urug
  3377 | D        | Noticed an eight-headed hydra
  3377 | D        | Noticed an eight-headed hydra
  3385 | D        | Killed an eight-headed hydra
  3387 | D        | HP: 2/86 [eight-headed hydra (8)]
  3387 | D        | Slain by an eight-headed hydra

Illustrated notes

Levels and vault maps discovered:
D:        dungeon_sprint_mu [sprint_mu_entry_forest, sprint_mu_temple_rooms,
          sprint_mu_d1_horrors, sprint_mu_d2_genie, sprint_mu_d3_branching,
          sprint_mu_orc_legion, sprint_mu_elf_gauntlet, sprint_mu_hive_nellie,
          sprint_mu_lair_fedhas, sprint_mu_vaults_butterflies,
          sprint_mu_slime_circle, sprint_mu_shoals_archi,
          sprint_mu_snake_twists, sprint_mu_blade_basic, sprint_mu_crypt_lich,
          sprint_mu_tomb_spiral, sprint_mu_vestibule_basic,
          sprint_mu_gehenna_hellfire, sprint_mu_dis_giant,
          sprint_mu_tartarus_statrot, sprint_mu_cocytus_islands, sprint_mu_zot1]

Skill      XL: |  1  2  3  4  5  6  7  8  9 10 11 |
---------------+----------------------------------+-----
Earth Magic    | 4 5 6 7 |  7.2
Spellcasting   | 4 5 6 7 |  7.7
Necromancy     | 7 12 14 | 14.2
Fighting       | 1 4 6 8 |  8.2
Dodging        | 2 4 5 7 |  7.8
Invocations    | 2 5 9 |  9.0
Evocations     | 1 4 6 |  6.9
Conjurations   | 8 11 | 11.5
Maces & Flails | 3 6 |  6.0
Translocations | 5 |  5.0
Ice Magic      | 9 |  9.8
Polearms       | 4 |  4.1
Stealth        | |  1.7
Transmutations | |  0.8

Action                   |  1- 3 |  4- 6 |  7- 9 | 10-12 || total
-------------------------+-------+-------+-------+-------++-------
Melee: Quarterstaff      |       |       |    10 |       ||    10
       Flail             |       |       |     1 |    14 ||    15
       Kick              |       |       |       |     5 ||     5
 Cast: Sandblast         |    14 |    10 |     6 |       ||    30
       Stone Arrow       |       |     4 |    40 |    55 ||    99
       Vampiric Draining |       |       |       |     9 ||     9
       Frozen Ramparts   |       |       |       |     4 ||     4
Invok: Channel Magic     |       |       |       |     1 ||     1
Evoke: Lightning rod     |       |       |     3 |     9 ||    12
  Use: Potion            |       |       |     1 |     1 ||     2
       Scroll            |       |       |     3 |       ||     3
 Stab: Distracted        |       |       |     1 |       ||     1
       Sleeping          |       |       |       |     1 ||     1
Armor: Robe              |       |     1 |     4 |     4 ||     9
Dodge: Dodged            |     3 |     1 |    13 |    31 ||    48

Table legend: (Time is in decaauts)
 A = Elapsed time spent in this place.
 B = Non-inter-level travel time spent in this place.
 C = Inter-level travel time spent in this place.
 D = Time resting spent in this place.
 E = Time spent auto-exploring this place.
 F = Levels seen in this place.
 G = Mean time per level.
                   A        B        C        D        E       F      G
               +--------+--------+--------+--------+--------+-----+--------+
         Total |   3396 |   3361 |     35 |   2432 |      0 |   1 | 3396.0 |
       Dungeon |   3396 |   3361 |     35 |   2432 |      0 |   1 | 3396.0 |
               +--------+--------+--------+--------+--------+-----+--------+

Top non-repeatable levels by time:
       D: 3396 daAuts
